 Dungeon Crawl Stone Soup version 0.24-a0-280-g7cec4da (webtiles) character file.

Game seed: 15187199135304417984

1588 Firecrotchwizard the Cleaver (level 8, 0/71 HPs)
             Began as a Minotaur Gladiator on May 1, 2019.
             Succumbed to a gnoll's poison
             ... on level 5 of the Dungeon.
             The game lasted 00:07:20 (4479 turns).

Firecrotchwizard the Cleaver (Minotaur Gladiator)   Turns: 4479, Time: 00:07:21

Health: 0/71       AC: 11    Str: 20    XL:     8   Next: 61%
Magic:  7/7        EV:  7    Int:  6    God:
Gold:   218        SH:  9    Dex: 12    Spells: 7/7 levels left

rFire    + . .     SeeInvis .   a - +1 war axe
rCold    x . .     Gourm    .   w - +2 shield
rNeg     . . .     Faith    .   p - +0 chain mail
rPois    .         Spirit   .   c - +2 hat
rElec    .         Reflect  .   (no cloak)
rCorr    .         Harm     .   (no gloves)
MR       .....                  (no boots)
Stlth    ..........             (no amulet)
HPRegen  0.21/turn              o - ring of fire {rF+, rC-}
MPRegen  0.10/turn              (no ring)

@: lethally poisoned (0 -> -15)
A: retaliatory headbutt, horns 2
a: no special abilities


You were on level 5 of the Dungeon.
You were very hungry.

You visited 1 branch of the dungeon, and saw 5 of its levels.

You collected 218 gold pieces.

Inventory:

Hand Weapons
 a - a +1 war axe (weapon)
Missiles
 d - 3 throwing nets {=f, !d}
 q - 8 curare-tipped needles
Armour
 b - a +0 leather armour
 c - a +2 hat (worn)
 j - a +0 ring mail
   (You found it on level 1 of the Dungeon)
 p - a +0 chain mail (worn)
   (You took it off Terence on level 3 of the Dungeon)
 w - a +2 shield (worn)
   (You found it on level 4 of the Dungeon)
 y - a +2 cloak
   (You found it on level 4 of the Dungeon)
Jewellery
 o - a ring of fire (left hand) {rF+, rC-}
   (You found it on level 2 of the Dungeon)
Wands
 v - a wand of polymorph (6)
   (You found it on level 4 of the Dungeon)
Scrolls
 r - 5 scrolls of identify
 s - a scroll of enchant armour
Potions
 e - 3 potions of curing {unknown}
 h - 2 potions of berserk rage {unknown}
 i - 3 potions of might {unknown}
 k - a potion of invisibility {unknown}
 l - a potion of magic {unknown}
 m - 3 potions of flight {unknown}
 t - a potion of heal wounds {unknown}
 u - a potion of haste {unknown}
 x - 2 potions of brilliance {unknown}
Comestibles
 f - 8 rations


   Skills:
 + Level 6.9 Fighting
 * Level 9.9 Axes
 - Level 2.0 Throwing
 + Level 4.4 Armour
 - Level 5.2 Dodging


You had 7 spell levels left.
You didn't know any spells.
Your spell library contained the following spells:

 Spells                   Type           Power        Failure   Level  Hunger
 Summon Small Mammal      Summ           #...         100%        1    ##.....
 Call Imp                 Summ           #.......     100%        2    ###....
 Call Canine Familiar     Summ           #.......     100%        3    ####...
 Summon Guardian Golem    Hex/Summ       #.......     100%        3    ####...
 Summon Ice Beast         Ice/Summ       #.......     100%        4    #####..
 Summon Lightning Spire   Summ/Air       #.......     100%        4    #####..


Dungeon Overview and Level Annotations

Branches:
Dungeon (5/15)
 Temple: D:4-7

Altars:
Gozag
Hepliaklqana
Nemelex Xobeh
Ru

Shops:
D:4 (%

Annotations:
D:3 1 runed translucent door, Crazy Yiuf
D:5 3 runed translucent doors


Innate Abilities, Weirdness & Mutations

You reflexively headbutt those who attack you in melee.
You have a pair of horns on your head.


Message History

You hear a shout!
A gnoll comes into view. It is wielding a +2 spear of venom.
A sky beast comes into view.
Found a stone staircase leading down.
You block the gnoll shaman's attack.
Found 17 gold pieces.
Found an opulent altar of Gozag.
You hit the gnoll. You hit the gnoll shaman.
The gnoll shaman hits you with a +0 whip.
The gnoll hits you but does no damage. The gnoll completely misses you.
You furiously retaliate!
You headbutt the gnoll.
You take 5 damage, and have 66/71 hp.
You slash the gnoll!
You kill the gnoll!
You hit the gnoll shaman.
The gnoll hits you from afar with a +0 spear.
The gnoll shaman hits you but does no damage.
You block the gnoll's attack.
You take 1 damage, and have 65/71 hp.
Your chain mail prevents you from hitting the gnoll shaman.
You headbutt the gnoll shaman. You slash the sky beast! You slash the jelly!
The acid corrodes you!
Your hands burn!
The jelly hits you but does no damage. You block the gnoll shaman's attack.
The gnoll hits you but does no damage. The sky beast barely misses you.
The gnoll hits you from afar with a +2 spear of venom.
You are poisoned.
You take 1 damage, and have 64/71 hp.
You slash the jelly!
You kill the jelly!
Your shield and chain mail prevent you from hitting the sky beast.
You hit the gnoll shaman.
You feel sick.
The gnoll hits you from afar with a +0 spear.
The gnoll shaman hits you with a +0 whip.
The sky beast hits you. The sky beast shocks you.
The gnoll hits you from afar with a +2 spear of venom.
You take 15 damage, and have 49/71 hp.
MASSIVE DAMAGE!!
You hit the sky beast. Your headbutt misses the sky beast.
You closely miss the gnoll shaman.
The gnoll hits you from afar with a +0 spear.
The gnoll shaman hits you with a +0 whip.
You block the sky beast's attack.
The gnoll hits you from afar with a +2 spear of venom.
You are more poisoned.
You take 10 damage, and have 39/71 hp.
You slice the sky beast!!
You kill the sky beast!
You hit the gnoll shaman.
You feel sick.
The gnoll shaman hits you with a +0 whip!
You block the gnoll's attack. x2
The gnoll shaman hits you but does no damage.
You block the gnoll's attack.
You take 11 damage, and have 28/71 hp.
You feel sick. You block the gnoll's attack.
The gnoll hits you but does no damage.
The gnoll shaman calls upon its god to speed up the gnoll.
The gnoll seems to speed up.
You feel sick. You block the gnoll's attack.
The gnoll shaman invokes the aid of its god against you.
You resist with some effort.
You take 1 damage, and have 27/71 hp.
Unknown command.
You feel sick. The gnoll barely misses you. The gnoll misses you.
The gnoll hits you with a +0 spear.
The gnoll shaman hits you but does no damage.
You take 2 damage, and have 25/71 hp.
You slash the gnoll!
You kill the gnoll!
Your shield and chain mail prevent you from hitting the gnoll.
You hit the gnoll shaman but do no damage.
You feel sick.
The gnoll hits you with a +2 spear of venom!
* * * LOW HITPOINT WARNING * * *
You are lethally poisoned!
The gnoll shaman hits you with a +0 whip.
* * * LOW HITPOINT WARNING * * *
You take 14 damage, and have 11/71 hp.
* * * LOW HITPOINT WARNING * * *
You feel sick. You block the gnoll's attack.
The gnoll shaman hits you but does no damage.
Things that are here:
a +0 spear; a gnoll corpse You take 2 damage, and have 9/71 hp.
Unknown command.
You slash the gnoll shaman!
You kill the gnoll shaman!
You hit the gnoll but do no damage.
* * * LOW HITPOINT WARNING * * *
You feel sick.
The gnoll hits you with a +2 spear of venom.
* * * LOW HITPOINT WARNING * * *
You block the gnoll's attack.
You take 5 damage, and have 4/71 hp.
Unknown command.
* * * LOW HITPOINT WARNING * * *
You feel sick. You block the gnoll's attack.
Things that are here:
a +0 whip; a +0 leather armour You take 2 damage, and have 2/71 hp.
You are no longer corroded.
You die...

..# #........## ..#
#.......... ..#
#........# ..#
#........# ..#
#........# ..#########
#........#
..........####........#
.........(##..........#
...............)@g..>.#
..........#.............
..........#.........####
..........#........##
..........#....###.#.$
..........#..!.# .+.$.
..........#....# .+._8.
########+##..... .+....


You could see a gnoll.

Vanquished Creatures
  Grinder (D:3)
  Eustachio (D:5)
  3 sky beasts (D:5)
  An ogre (D:5)
  A centaur (D:3)
  A big kobold (D:4)
  A bullfrog (D:5)
  A scorpion (D:4)
  A howler monkey (D:4)
  A crimson imp (D:5)
  3 jellies
  A gnoll shaman (D:5)
  A hound (D:4)
  An orc wizard (D:4)
  Jessica (D:3)
  Terence (D:3)
  An iguana (D:4)
  5 worker ants
  Robin (D:1)
  2 gnolls (D:5)
  5 adders
  A shadow imp (D:5)
  An ooze (D:1)
  2 leopard geckos
  4 orcs
  6 bats
  A giant cockroach (D:1)
  17 goblins
  7 hobgoblins
  6 jackals (D:2)
  A quokka (D:3)
  2 ball pythons
  6 frilled lizards
  A jackal skeleton (D:5)
  14 kobolds
  6 rats
109 creatures vanquished.

Notes
Turn   | Place    | Note
-------+----------+-------------------------------------------
     0 | D:1      | Firecrotchwizard the Minotaur Gladiator began the quest for
                  | the Orb.
     0 | D:1      | Reached XP level 1. HP: 18/18 MP: 0/0
   272 | D:1      | Reached skill level 4 in Axes
   272 | D:1      | Reached XP level 2. HP: 25/25 MP: 1/1
   720 | D:2      | Noticed Robin
   739 | D:2      | Reached XP level 3. HP: 20/30 MP: 2/2
   741 | D:2      | Reached skill level 3 in Fighting
   747 | D:2      | HP: 7/31 [goblin/+0 hand axe[Robin] (4)]
   985 | D:1      | HP: 6/31 [hobgoblin/+0 club[Robin] (2)]
  1244 | D:1      | Killed Robin
  1761 | D:2      | Reached skill level 4 in Dodging
  1843 | D:3      | Reached XP level 4. HP: 38/38 MP: 3/3
  1872 | D:3      | Found a hazy altar of Hepliaklqana.
  1900 | D:3      | Reached skill level 5 in Axes
  1969 | D:3      | Noticed Grinder
  1982 | D:3      | HP: 9/38 [Grinder (2)]
  1990 | D:3      | Killed Grinder
  1990 | D:3      | Reached skill level 4 in Fighting
  1990 | D:3      | Reached skill level 6 in Axes
  1990 | D:3      | Reached XP level 5. HP: 12/47 MP: 4/4
  1990 | D:3      | Reached XP level 6. HP: 14/53 MP: 5/5
  2057 | D:3      | Found a faded altar of an unknown god.
  2070 | D:3      | Noticed Terence
  2081 | D:3      | Killed Terence
  2349 | D:3      | Found a sacrificial altar of Ru.
  2474 | D:3      | Noticed Jessica
  2477 | D:3      | Killed Jessica
  2526 | D:3      | Reached skill level 5 in Dodging
  2657 | D:3      | Reached skill level 7 in Axes
  2792 | D:3      | Found a runed translucent door.
  2793 | D:3      | Noticed Crazy Yiuf
  2893 | D:4      | Reached skill level 5 in Fighting
  2893 | D:4      | Reached XP level 7. HP: 61/61 MP: 6/6
  2912 | D:4      | Found a sparkling altar of Nemelex Xobeh.
  3034 | D:4      | Found Ojuorr's Antique Weapon Boutique.
  3049 | D:4      | Reached skill level 1 in Armour
  3208 | D:4      | Found Tiss's Food Boutique.
  3466 | D:4      | Reached skill level 8 in Axes
  3466 | D:4      | Reached skill level 2 in Armour
  3520 | D:5      | Entered Level 5 of the Dungeon
  3640 | D:5      | Noticed Eustachio
  3660 | D:5      | Killed Eustachio
  3660 | D:5      | Reached skill level 6 in Fighting
  3660 | D:5      | Reached skill level 3 in Armour
  3660 | D:5      | Reached XP level 8. HP: 48/70 MP: 7/7
  3885 | D:5      | Reached skill level 9 in Axes
  4286 | D:5      | Reached skill level 4 in Armour
  4463 | D:5      | Found a runed translucent gate.
  4465 | D:5      | Found a runed translucent gate.
  4465 | D:5      | Found an opulent altar of Gozag.
  4475 | D:5      | HP: 16/71 [gnoll/+2 spear of venom (8)]
  4476 | D:5      | Found a runed translucent gate.
  4477 | D:5      | HP: 4/71 [gnoll/+2 spear of venom (4)]
  4479 | D:5      | Succumbed to a gnoll's poison

Levels and vault maps discovered:
D:1:      co_arrival_square_in_a_square_in_a_square, layout_basic
D:2:      layout_basic, uniq_robin
D:3:      layout_basic, nicolae_overflow_hidden_temple,
          chequers_ecumenical_altar_simple, first_ration, portal_sewer_entry_d,
          nicolae_ru_great_annihilating_truth, uniq_grinder, uniq_terence,
          uniq_jessica, uniq_crazy_yiuf_cottage
D:4:      cheibrodos_thug_alley, layout_basic, serial_shops, shop, shop,
          nemelex_lonely_heart_becter
D:5:      layout_basic, ebering_ghost_gozag, hangedman_abyss_or_decor_passed,
          grunt_decor_cap, kennysheep_opposing_triangles, uniq_eustachio

Skill      XL: |  1  2  3  4  5  6  7  8 |
---------------+-------------------------+-----
Axes           | 4 6 7 8 9 |  9.9
Fighting       | 3 4 5 6 |  6.9
Dodging        | 4 5 |  5.2
Armour         | 3 4 |  4.4
Throwing       | |  2.0

Action                   |  1- 3 |  4- 6 |  7- 9 || total
-------------------------+-------+-------+-------++-------
Melee: War axe           |    98 |    57 |   161 ||   316
       Headbutt          |     9 |    12 |    18 ||    39
Throw: Throwing net      |       |     2 |       ||     2
  Use: Scroll            |       |     5 |     4 ||     9
 Stab: Paralysed         |       |     1 |       ||     1
  Eat: Ration            |     1 |       |       ||     1
       Chunk             |       |     3 |     4 ||     7
Armor: Leather armour    |    10 |       |       ||    10
       Ring mail         |    37 |    12 |       ||    49
       Chain mail        |       |    11 |   122 ||   133
Dodge: Dodged            |   102 |    33 |    47 ||   182
Block: Shield            |       |       |    75 ||    75

Table legend:
 A = Non-vault XP
 B = Vault XP
 C = Vault XP percentage of total XP
 D = Non-vault monster count
 E = Vault monster count
 F = Vault count percentage of total count
                 A         B        C        D         E       F
            +---------+---------+-------+---------+---------+-------
      Total |    1476 |     793 |  34.9 |      76 |      33 |  30.3
            +---------+---------+-------+---------+---------+-------
        D:1 |      27 |      24 |  47.1 |      13 |       5 |  27.8
        D:2 |      31 |      13 |  29.5 |      21 |       8 |  27.6
        D:3 |     159 |     383 |  70.7 |      14 |       8 |  36.4
        D:4 |     406 |     111 |  21.5 |      13 |       9 |  40.9
        D:5 |     853 |     262 |  23.5 |      15 |       3 |  16.7
            +---------+---------+-------+---------+---------+-------

Levels and vault maps discovered:
D:1:      co_arrival_square_in_a_square_in_a_square, layout_basic
D:2:      layout_basic, uniq_robin
D:3:      layout_basic, nicolae_overflow_hidden_temple,
          chequers_ecumenical_altar_simple, first_ration, portal_sewer_entry_d,
          nicolae_ru_great_annihilating_truth, uniq_grinder, uniq_terence,
          uniq_jessica, uniq_crazy_yiuf_cottage
D:4:      cheibrodos_thug_alley, layout_basic, serial_shops, shop, shop,
          nemelex_lonely_heart_becter
D:5:      layout_basic, ebering_ghost_gozag, hangedman_abyss_or_decor_passed,
          grunt_decor_cap, kennysheep_opposing_triangles, uniq_eustachio

Table legend:
 A = Turns spent in this place as a percentage of turns spent in the entire game.
 B = Non-inter-level travel turns spent in this place as a percentage of non-inter-level travel turns spent in the entire game.
 C = Inter-level travel turns spent in this place as a percentage of turns spent in this place.
 D = Turns resting spent in this place as a percentage of non-inter-level travel turns spent in this place.
 E = Turns spent auto-exploring this place as a percentage of non-inter-level travel turns spent in this place.
 F = Non-inter-level travel turns spent in this place divided by the number of levels of this place that you've seen.
                   A       B       C       D       E      F
               +-------+-------+-------+-------+-------+----------------------
         Total | 100.0 | 100.0 |   4.3 |  35.4 |  46.2 | 857.0
       Dungeon | 100.0 | 100.0 |   4.3 |  35.4 |  46.2 | 857.0
               +-------+-------+-------+-------+-------+----------------------

Table legend:
 A = Kills in this place as a percentage of kills in entire the game.
 B = Kills by you in this place as a percentage of kills by you in the entire game.
 C = Kills by friends in this place as a percentage of kills by friends in the entire game.
 D = Other kills in this place as a percentage of other kills in the entire game.
 E = Experience gained in this place as a percentage of experience gained in the entire game.
 F = Experience gained in this place divided by the number of levels of this place that you have seen.
                   A       B       C       D       E      F
               +-------+-------+-------+-------+-------+----------------------
         Total | 100.0 | 100.0 |   N/A |   N/A | 100.0 | 453.8
       Dungeon | 100.0 | 100.0 |   N/A |   N/A | 100.0 | 453.8
               +-------+-------+-------+-------+-------+----------------------
